| TOP OF THE 1ST |
|
Lake County Captains batting - Pitching for Burlington Bees : RHP Jon Trujillo
|
|
Pitching: RHP Jon Trujillo
|
|
|
Batting: RHB Patrick Pinault
|
0-0: Ball 1-0: Bunt for hit to 25 - play at first, batter OUT! 5-3
|
|
Batting: RHB Tony Gonzales
|
0-0: Ball 1-0: Called Strike 1-1: Ball 2-1: Reached on error, E6 (Groundball, 56, EV 99.4 MPH)
|
|
Batting: RHB Josh Patterson
|
0-0: Ball 1-0: Called Strike 1-1: Called Strike Tony Gonzales steals 2nd base 1-2: Strikes out swinging
|
|
Batting: LHB Esteban Cordova
|
0-0: 2-RUN HOME RUN (Flyball, 9D, EV 91.2 MPH), Distance : 352 ft
|
|
Batting: RHB Justin Young
|
0-0: Swinging Strike 0-1: Called Strike 0-2: SINGLE (Line Drive, 4MD, EV 104.4 MPH)
|
|
Batting: RHB Steve Gusman
|
0-0: Called Strike 0-1: Ball 1-1: Ball 2-1: Fielders Choice at 2nd, 6-4 (Groundball, 6D, EV 79.4 MPH)
|
| Top of the 1st over - 2 runs, 2 hits, 1 error, 1 left on base; Lake County 2 - Burlington 0 |
| BOTTOM OF THE 1ST |
|
Burlington Bees batting - Pitching for Lake County Captains : RHP Gordie Pierson
|
|
Pitching: RHP Gordie Pierson
|
|
|
Batting: RHB Peter Westover
|
0-0: Called Strike 0-1: Ball 1-1: Ball 2-1: Ground out 4-3 (Groundball, 4, EV 105.6 MPH)
|
|
Batting: RHB Joe Hewitt
|
0-0: Ball 1-0: Ground out 4-3 (Groundball, 4, EV 88.1 MPH)
|
|
Batting: LHB Ramon Garduno
|
0-0: Foul Ball, location: 2F 0-1: Ball 1-1: Swinging Strike 1-2: Fly out, F2 (Popup, 3SF, EV 85.0 MPH)
|
| Bottom of the 1st over - 0 runs, 0 hits, 0 errors, 0 left on base; Lake County 2 - Burlington 0 |
| TOP OF THE 2ND |
|
Lake County Captains batting - Pitching for Burlington Bees : RHP Jon Trujillo
|
|
Batting: RHB Jeremy Givens
|
0-0: Called Strike 0-1: Ground out 6-3 (Groundball, 56, EV 104.4 MPH)
|
|
Batting: RHB Leo Villa
|
0-0: Ball 1-0: Ball 2-0: Ball 3-0: Called Strike 3-1: Called Strike 3-2: Strikes out looking
|
|
Batting: RHB Juan Ordonez
|
0-0: Called Strike 0-1: Ball 1-1: Called Strike 1-2: Foul Ball, location: 2F 1-2: Strikes out looking
|
| Top of the 2nd over - 0 runs, 0 hits, 0 errors, 0 left on base; Lake County 2 - Burlington 0 |
| BOTTOM OF THE 2ND |
|
Burlington Bees batting - Pitching for Lake County Captains : RHP Gordie Pierson
|
|
Batting: SHB Danny Gelinas
|
0-0: Ball 1-0: Foul Ball, location: 2F 1-1: Hit by Pitch
|
|
Batting: LHB Pavla Markianov
|
0-0: Ball 1-0: Ball 2-0: Called Strike 2-1: Swinging Strike 2-2: Foul Ball, location: 2F 2-2: Strikes out swinging
|
|
Batting: SHB David Vigo
|
0-0: Called Strike 0-1: SINGLE (Flyball, 56D, EV 83.1 MPH) Danny Gelinas to second
|
|
Batting: RHB Rory Cobb
|
0-0: Ball 1-0: Foul Ball, location: 2F 1-1: Swinging Strike Passed Ball! Danny Gelinas to third David Vigo to second 1-2: Foul Ball, location: 2F 1-2: Strikes out swinging
|
|
Batting: RHB Dan Burkhart
|
0-0: Ball 1-0: Ground out U3 (Groundball, 34, EV 89.4 MPH)
|
| Bottom of the 2nd over - 0 runs, 1 hit, 0 errors, 2 left on base; Lake County 2 - Burlington 0 |
| TOP OF THE 3RD |
|
Lake County Captains batting - Pitching for Burlington Bees : RHP Jon Trujillo
|
|
Batting: RHB Patrick Pinault
|
0-0: Ball 1-0: Fly out, F7 (Flyball, 78S, EV 88.1 MPH)
|
|
Batting: RHB Tony Gonzales
|
0-0: Called Strike 0-1: Ball 1-1: Ground out 4-3 (Groundball, 4, EV 86.9 MPH)
|
|
Batting: RHB Josh Patterson
|
0-0: Called Strike 0-1: Foul Ball, location: 2F 0-2: Foul Ball, location: 2F 0-2: Ball 1-2: Ball 2-2: Strikes out swinging
|
| Top of the 3rd over - 0 runs, 0 hits, 0 errors, 0 left on base; Lake County 2 - Burlington 0 |
| BOTTOM OF THE 3RD |
|
Burlington Bees batting - Pitching for Lake County Captains : RHP Gordie Pierson
|
|
Batting: LHB Alberto Carrillo
|
0-0: Ground out U3 (Groundball, 3, EV 86.9 MPH)
|
|
Batting: RHB Peter Westover
|
0-0: Ball 1-0: Ball 2-0: Called Strike 2-1: Ball 3-1: Fly out, F7 (Line Drive, 7S, EV 99.4 MPH)
|
|
Batting: RHB Joe Hewitt
|
0-0: Foul Ball, location: 2F 0-1: Ball 1-1: Ball 2-1: Ball 3-1: Base on Balls
|
|
Batting: LHB Ramon Garduno
|
0-0: Ball 1-0: Ball 2-0: Called Strike 2-1: Ball 3-1: Base on Balls Joe Hewitt to second
|
|
Batting: SHB Danny Gelinas
|
0-0: Called Strike 0-1: Ball 1-1: Foul Ball, location: 2F 1-2: Hit by Pitch Joe Hewitt to third Ramon Garduno to second
|
|
Batting: LHB Pavla Markianov
|
0-0: Ball 1-0: Ball 2-0: Called Strike 2-1: Foul Ball, location: 2F 2-2: Strikes out looking
|
| Bottom of the 3rd over - 0 runs, 0 hits, 0 errors, 3 left on base; Lake County 2 - Burlington 0 |
| TOP OF THE 4TH |
|
Lake County Captains batting - Pitching for Burlington Bees : RHP Jon Trujillo
|
|
Batting: LHB Esteban Cordova
|
0-0: Foul Ball, location: 2F 0-1: Swinging Strike 0-2: Ground out 5-3 (Groundball, 5L, EV 104.4 MPH)
|
|
Batting: RHB Justin Young
|
0-0: Called Strike 0-1: Ball 1-1: Called Strike 1-2: Strikes out looking
|
|
Batting: RHB Steve Gusman
|
0-0: Ball 1-0: Foul Ball, location: 2F 1-1: Ball 2-1: Foul Ball, location: 2F 2-2: Strikes out swinging
|
| Top of the 4th over - 0 runs, 0 hits, 0 errors, 0 left on base; Lake County 2 - Burlington 0 |
| BOTTOM OF THE 4TH |
|
Burlington Bees batting - Pitching for Lake County Captains : RHP Gordie Pierson
|
|
Batting: SHB David Vigo
|
0-0: Fly out, F8 (Flyball, 8RM, EV 85.0 MPH)
|
|
Batting: RHB Rory Cobb
|
0-0: Ball 1-0: Ball 2-0: Called Strike 2-1: Fly out, F8 (Flyball, 8RD, EV 81.2 MPH)
|
|
Batting: RHB Dan Burkhart
|
0-0: Foul Ball, location: 2F 0-1: Ball 1-1: Ball 2-1: Foul Ball, location: 2F 2-2: Ball 3-2: Strikes out swinging
|
| Bottom of the 4th over - 0 runs, 0 hits, 0 errors, 0 left on base; Lake County 2 - Burlington 0 |
| TOP OF THE 5TH |
|
Lake County Captains batting - Pitching for Burlington Bees : RHP Jon Trujillo
|
|
Batting: RHB Jeremy Givens
|
0-0: Fly out, F7 (Flyball, 7LM, EV 75.6 MPH)
|
|
Batting: RHB Leo Villa
|
0-0: Swinging Strike 0-1: Swinging Strike 0-2: Strikes out swinging
|
|
Batting: RHB Juan Ordonez
|
0-0: Called Strike 0-1: Ground out 5-3 (Groundball, 56, EV 88.8 MPH)
|
| Top of the 5th over - 0 runs, 0 hits, 0 errors, 0 left on base; Lake County 2 - Burlington 0 |
| BOTTOM OF THE 5TH |
|
Burlington Bees batting - Pitching for Lake County Captains : RHP Gordie Pierson
|
|
Batting: LHB Alberto Carrillo
|
0-0: Ball 1-0: Ball 2-0: Ball 3-0: Base on Balls
|
|
Batting: RHB Peter Westover
|
0-0: Swinging Strike 0-1: Ball 1-1: Called Strike 1-2: Foul Ball, location: 2F 1-2: Ball 2-2: Ball 3-2: Strikes out swinging
|
|
Batting: RHB Joe Hewitt
|
0-0: Ball 1-0: Ball 2-0: Called Strike 2-1: SINGLE (Line Drive, 56, EV 96.9 MPH) Alberto Carrillo to second
|
|
Batting: LHB Ramon Garduno
|
0-0: Foul Ball, location: 2F 0-1: Ball 1-1: Fly out, F9 (Flyball, 89M, EV 86.9 MPH)
|
|
Batting: SHB Danny Gelinas
|
0-0: Called Strike 0-1: Foul Ball, location: 2F 0-2: Foul Ball, location: 2F 0-2: Fly out, F8 (Flyball, 8LM, EV 81.2 MPH)
|
| Bottom of the 5th over - 0 runs, 1 hit, 0 errors, 2 left on base; Lake County 2 - Burlington 0 |
| TOP OF THE 6TH |
|
Lake County Captains batting - Pitching for Burlington Bees : RHP Jon Trujillo
|
|
Batting: RHB Patrick Pinault
|
0-0: Called Strike 0-1: Called Strike 0-2: Ball 1-2: Ball 2-2: Foul Ball, location: 2F 2-2: Strikes out swinging
|
|
Batting: RHB Tony Gonzales
|
0-0: Bunt missed! 0-1: Foul Ball, location: 2F 0-2: Ball 1-2: Ball 2-2: Strikes out swinging
|
|
Batting: RHB Josh Patterson
|
0-0: Ball 1-0: Ground out 5-3 (Groundball, 5, EV 86.9 MPH)
|
| Top of the 6th over - 0 runs, 0 hits, 0 errors, 0 left on base; Lake County 2 - Burlington 0 |
| BOTTOM OF THE 6TH |
|
Burlington Bees batting - Pitching for Lake County Captains : RHP Gordie Pierson
|
|
Batting: LHB Pavla Markianov
|
0-0: Ball 1-0: Fly out, F8 (Flyball, 8LS, EV 91.2 MPH)
|
|
Batting: SHB David Vigo
|
0-0: Ball 1-0: Foul Ball, location: 2F 1-1: Called Strike 1-2: Ball 2-2: Strikes out swinging
|
|
Batting: RHB Rory Cobb
|
0-0: Ball 1-0: Fly out, F9 (Flyball, 9S, EV 84.4 MPH)
|
| Bottom of the 6th over - 0 runs, 0 hits, 0 errors, 0 left on base; Lake County 2 - Burlington 0 |
| TOP OF THE 7TH |
|
Lake County Captains batting - Pitching for Burlington Bees : RHP Jon Trujillo
|
|
Batting: LHB Esteban Cordova
|
0-0: SINGLE (Groundball, 6MS, EV 65.0 MPH) (infield hit)
|
|
Batting: RHB Justin Young
|
0-0: Called Strike 0-1: Ball 1-1: Swinging Strike 1-2: Ball 2-2: Foul Ball, location: 2F 2-2: Ball 3-2: Strikes out looking
|
|
Batting: RHB Steve Gusman
|
0-0: Called Strike 0-1: Swinging Strike 0-2: Grounds into double play, 5-4-3 (Groundball, 56, EV 80.6 MPH)
|
| Top of the 7th over - 0 runs, 1 hit, 0 errors, 0 left on base; Lake County 2 - Burlington 0 |
| BOTTOM OF THE 7TH |
|
Burlington Bees batting - Pitching for Lake County Captains : RHP Gordie Pierson
|
|
Batting: RHB Dan Burkhart
|
0-0: SOLO HOME RUN (Flyball, 7LD, EV 93.8 MPH), Distance : 347 ft
|
|
Batting: LHB Alberto Carrillo
|
0-0: Ball 1-0: Ground out 6-3 (Groundball, 6, EV 85.6 MPH)
|
|
Batting: RHB Peter Westover
|
0-0: Swinging Strike 0-1: Foul Ball, location: 2F 0-2: Foul Ball, location: 2F 0-2: Ball 1-2: SINGLE (Groundball, 4MD, EV 106.9 MPH)
|
|
Pitching: RHP Chris Painter
|
|
|
Batting: RHB Joe Hewitt
|
0-0: Ball Wild Pitch! Peter Westover to second 1-0: Fly out, F5 (Line Drive, 5L, EV 72.5 MPH)
|
|
Pitching: LHP Tim Fried
|
|
|
Pinch Hitting: RHB Khalil Thurston
|
0-0: Fly out, F7 (Flyball, 78M, EV 96.9 MPH)
|
| Bottom of the 7th over - 1 run, 2 hits, 0 errors, 1 left on base; Lake County 2 - Burlington 1 |
| TOP OF THE 8TH |
|
Lake County Captains batting - Pitching for Burlington Bees : RHP Jon Trujillo
|
|
Now at 1B: David Rhodes
|
|
|
Batting: RHB Jeremy Givens
|
0-0: Foul Ball, location: 2F 0-1: SINGLE (Groundball, 6MD, EV 105.0 MPH)
|
|
Pitching: RHP Tim Mumpower
|
|
|
Batting: RHB Leo Villa
|
0-0: Ball 1-0: Called Strike Jeremy Givens steals 2nd base 1-1: Foul Ball, location: 2F 1-2: Ball 2-2: Ball 3-2: Foul Ball, location: 2F 3-2: Foul Ball, location: 2F 3-2: Base on Balls
|
|
Batting: RHB Juan Ordonez
|
0-0: Sac Bunt to 5S - play at first, batter safe! Jeremy Givens to third Leo Villa to second
|
|
Batting: RHB Patrick Pinault
|
0-0: Swinging Strike 0-1: Ball 1-1: Foul Ball, location: 2F 1-2: Strikes out looking
|
|
Batting: RHB Tony Gonzales
|
0-0: Swinging Strike 0-1: Ball 1-1: Called Strike 1-2: Strikes out swinging
|
|
Batting: RHB Josh Patterson
|
0-0: Ball 1-0: Called Strike 1-1: Foul Ball, location: 2F 1-2: Fly out, F9 (Flyball, 9D, EV 105.0 MPH)
|
| Top of the 8th over - 0 runs, 2 hits, 0 errors, 3 left on base; Lake County 2 - Burlington 1 |
| BOTTOM OF THE 8TH |
|
Burlington Bees batting - Pitching for Lake County Captains : LHP Tim Fried
|
|
Batting: SHB Danny Gelinas
|
0-0: Called Strike 0-1: Foul Ball, location: 2F 0-2: Foul Ball, location: 2F 0-2: Foul Ball, location: 2F 0-2: Fly out, F8 (Flyball, 8LD, EV 92.5 MPH)
|
|
Batting: LHB Pavla Markianov
|
0-0: Swinging Strike 0-1: Foul Ball, location: 2F 0-2: Foul Ball, location: 2F 0-2: Strikes out swinging
|
|
Batting: SHB David Vigo
|
0-0: Called Strike 0-1: Ball 1-1: Foul Ball, location: 2F 1-2: Ground out 4-3 (Groundball, 4, EV 103.8 MPH)
|
| Bottom of the 8th over - 0 runs, 0 hits, 0 errors, 0 left on base; Lake County 2 - Burlington 1 |
| TOP OF THE 9TH |
|
Lake County Captains batting - Pitching for Burlington Bees : RHP Tim Mumpower
|
|
Pitching: RHP Chris DePalma
|
|
|
Batting: LHB Esteban Cordova
|
0-0: Swinging Strike 0-1: Ball 1-1: Swinging Strike 1-2: Strikes out looking
|
|
Batting: RHB Justin Young
|
0-0: Ball 1-0: Ball 2-0: Ball 3-0: Base on Balls
|
|
Batting: RHB Steve Gusman
|
0-0: Called Strike 0-1: Foul Ball, location: 2F 0-2: Ball 1-2: Strikes out swinging
|
|
Batting: RHB Jeremy Givens
|
0-0: Ball 1-0: Ball 2-0: Called Strike 2-1: Ball 3-1: Base on Balls Justin Young to second
|
|
Batting: RHB Leo Villa
|
0-0: Ball 1-0: Swinging Strike 1-1: Swinging Strike 1-2: Ball 2-2: Reached on error, E6 (Groundball, 6, EV 106.9 MPH) Justin Young to third Jeremy Givens to second
|
|
Batting: RHB Juan Ordonez
|
0-0: Foul Ball, location: 2F 0-1: Called Strike 0-2: Ball 1-2: Ball 2-2: Ball 3-2: Base on Balls Justin Young scores Jeremy Givens to third Leo Villa to second
|
|
Batting: RHB Patrick Pinault
|
0-0: Foul Ball, location: 2F 0-1: Foul Ball, location: 2F 0-2: Strikes out swinging
|
| Top of the 9th over - 1 run, 0 hits, 1 error, 3 left on base; Lake County 3 - Burlington 1 |
| BOTTOM OF THE 9TH |
|
Burlington Bees batting - Pitching for Lake County Captains : LHP Tim Fried
|
|
Pitching: RHP Oscar Alvarado
|
|
|
Now in RF: Devon Grant
|
|
|
Batting: RHB Rory Cobb
|
0-0: Ground out 4-3 (Groundball, 4, EV 80.0 MPH)
|
|
Batting: RHB Dan Burkhart
|
0-0: Swinging Strike 0-1: Foul Ball, location: 2F 0-2: Ball 1-2: Strikes out looking
|
|
Batting: LHB Alberto Carrillo
|
0-0: Swinging Strike 0-1: Ball 1-1: Ball 2-1: Foul Ball, location: 2F 2-2: Strikes out swinging
|
| Bottom of the 9th over - 0 runs, 0 hits, 0 errors, 0 left on base; Lake County 3 - Burlington 1 |
|